 Dungeon Crawl Stone Soup version 0.17.0-73-gb648821 (webtiles) character file.

1414 musteatbrain the Skirmisher (level 8, -1/64 HPs)
             Began as a Demonspawn Fighter on Dec 9, 2015.
             Slain by an orc
             ... wielding a +0 mace
              (2 damage)
             ... while paralysed by Grinder
             ... on level 6 of the Dungeon.
             The game lasted 00:09:53 (5507 turns).

musteatbrain the Skirmisher (Demonspawn Fighter)    Turns: 5507, Time: 00:09:55

Health: -1/64      AC:  9    Str: 25    XL:     8   Next: 43%
Magic:  0/0        EV:  2    Int:  9    God:
Gold:   104        SH:  0    Dex: 14    Spells: 0 memorised, 7 levels left

rFire  . . .     SeeInvis .     r - +2 hand axe (flame)
rCold  + . .     Clarity  .     s - +0 ring mail of Okawaru's Condemnation {rN+ rCorr MP-9 Str+7}
rNeg   + . .     SustAt   .     c - +0 shield
rPois  .         Gourm    .     (helmet restricted)
rElec  .         Spirit   .     (no cloak)
rCorr  +         Warding  .     (no gloves)
rMut   .         Stasis   .     (no boots)
MR     .....                    (no amulet)
Stlth  +.........               (no ring)
                                (no ring)

@: paralysed, not resistant to hostile enchantments, very unstealthy
A: horns 1, yellow scales 2, cold resistance 1, low mp 1, powered by pain 2
a: no special abilities


You were on level 6 of the Dungeon.
You were hungry.

You visited 1 branch of the dungeon, and saw 6 of its levels.

You collected 275 gold pieces.
You spent 171 gold pieces at shops.

Inventory:

Hand Weapons
 a - a +0 war axe
 r - a +2 hand axe of flaming (weapon)
Armour
 c - a +0 shield (worn)
 i - a +2 ring mail of poison resistance
 s - the +0 ring mail of Okawaru's Condemnation (worn) {rN+ rCorr MP-9 Str+7}
   (You bought it in a shop on level 4 of the Dungeon)

   It affects your strength (+7).
   It protects you from negative energy.
   It affects your magic capacity (-9).
   It protects you from acid and corrosion.
Jewellery
 t - an uncursed ring of teleportation
Wands
 x - a wand of polymorph (14)
Scrolls
 b - 3 scrolls of magic mapping
 f - a scroll of remove curse
 j - 3 scrolls of fear {unknown}
 k - 4 scrolls of immolation {unknown}
 l - a scroll of noise {unknown}
 m - a scroll of enchant weapon {unknown}
 p - 2 scrolls of recharging {unknown}
 q - a scroll of blinking {unknown}
 y - a scroll of teleportation {unknown}
Potions
 d - 2 potions of might
 h - 3 potions of curing
 o - 3 potions of cancellation
 w - a potion of heal wounds
Books
 u - a book of Enchantments

   Spells                             Type                      Level
   a - Cause Fear                     Hexes                        4
   b - Silence                        Hexes/Air                    5
   c - Deflect Missiles               Charms/Air                   6
   d - Haste                          Charms                       6
   e - Discord                        Hexes                        8
 v - a book of Cantrips

   Spells                             Type                      Level
   a - Corona                         Hexes                        1
   b - Animate Skeleton               Necromancy                   1
   c - Summon Small Mammal            Summoning                    1
   d - Apportation                    Translocation                1
Comestibles
 e - 7 bread rations
 g - 2 beef jerkies
 n - a slice of pizza


   Skills:
 + Level 5.7 Fighting
 + Level 5.0 Axes
 + Level 5.6 Armour
 + Level 4.6 Dodging
 - Level 2.6 Shields


You had 7 spell levels left.
You didn't know any spells.

Dungeon Overview and Level Annotations

Branches:
Dungeon (6/15)
 Temple: D:4-7

Altars:
Nemelex Xobeh
Trog
Zin

Shops:
D:4 [

Annotations:
D:6 Grinder


Innate Abilities, Weirdness & Mutations

You are mostly covered in yellow scales (AC +3).
You sometimes gain power by taking damage.
You have a pair of small horns on your head.
Your flesh is cold resistant.
Your magical capacity is low (-10% MP).


Message History

You hit the orc. You burn the orc.
The orc is severely wounded.
You barely miss the ice beast.
The ice beast is heavily wounded.
You are feeling hungry.
The ice beast hits you but does no damage.
You block the orc's attack. The orc warrior barely misses you.
Grinder gestures at you.
You suddenly lose the ability to move!
A quokka skeleton comes into view.
The ice beast hits you. The ice beast freezes you! You resist.
The orc hits you with a mace. Grinder hits you but does no damage.
The orc warrior hits you with a dire flail!
* * * LOW HITPOINT WARNING * * *
The ice beast hits you.
* * * LOW HITPOINT WARNING * * *
The ice beast freezes you. You resist.
* * * LOW HITPOINT WARNING * * *
The orc hits you with a mace.
You die...

>...... ..
....... ##..
......####... .
.......#..#...
#.......##... .
#........Z..
..##.#......###.
#.....5@o..$#...
......oY))..5...
(...(...).......
####.#..[....$..
.....#.(........
##....<(.......
##............
#............
.....###.......


You could see Grinder, an orc warrior, an ice beast, a crimson imp, an orc and a
quokka skeleton.

Vanquished Creatures
  Prince Ribbit (D:5)
  An ice beast (D:5)
  An ogre (D:5)
  2 scorpions (D:5)
  A giant frog zombie (D:4)
  4 orc priests
  3 orc wizards
  3 hounds
  A jelly (D:5)
  2 centaur skeletons
  Jessica (D:3)
  An iguana (D:5)
  4 worker ants
  2 hound zombies (D:4)
  2 worker ant zombies (D:4)
  Robin (D:3)
  5 adders
  A shadow imp (D:5)
  An ooze (D:3)
  An adder skeleton (D:5)
  3 adder zombies (D:4)
  5 worms
  3 giant geckos
  22 orcs
  15 goblins
  13 hobgoblins
  3 jackals (D:4)
  10 kobolds
  A quokka (D:3)
  A ball python zombie (D:4)
  6 bats
  5 giant cockroaches
  A giant gecko zombie (D:4)
  7 giant newts
  A jackal zombie (D:5)
  8 rats
142 creatures vanquished.

Vanquished Creatures (others)
  A centaur (D:5)
  A worker ant zombie (D:4)
2 creatures vanquished.

Grand Total: 144 creatures vanquished

Notes
Turn   | Place    | Note
--------------------------------------------------------------
     0 | D:1      | musteatbrain the Demonspawn Fighter began the quest for the Orb.
     0 | D:1      | Reached XP level 1. HP: 18/18 MP: 1/1
    99 | D:1      | Gained mutation: You are partially covered in yellow scales (AC +2). [demonic ancestry]
    99 | D:1      | Reached XP level 2. HP: 24/24 MP: 2/2
   541 | D:1      | Reached XP level 3. HP: 24/29 MP: 3/3
   611 | D:1      | Reached skill level 1 in Dodging
  1142 | D:2      | Reached XP level 4. HP: 31/35 MP: 4/4
  1336 | D:3      | Noticed Jessica
  1346 | D:3      | Killed Jessica
  1708 | D:3      | Found a bloodstained altar of Trog.
  1949 | D:3      | Noticed Robin
  1971 | D:3      | Killed Robin
  1971 | D:3      | Gained mutation: You sometimes gain a little power by taking damage. [demonic ancestry]
  1971 | D:3      | Reached XP level 5. HP: 37/42 MP: 5/5
  3130 | D:4      | Reached skill level 4 in Fighting
  3162 | D:4      | Found Kiofijo's Antique Armour Emporium.
  3167 | D:4      | Bought a transparent ring mail for 171 gold pieces
  3177 | D:4      | Identified the +0 ring mail of Okawaru's Condemnation {rN+ rCorr MP-9 Str+7} (You bought it in a shop on level 4 of the Dungeon)
  3196 | D:4      | Gained mutation: You sometimes gain power by taking damage. [demonic ancestry]
  3196 | D:4      | Reached XP level 6. HP: 10/48 MP: 0/6
  3653 | D:4      | Found a glowing silver altar of Zin.
  3670 | D:4      | Gained mutation: You are mostly covered in yellow scales (AC +3). [demonic ancestry]
  3670 | D:4      | Reached XP level 7. HP: 4/55 MP: 0/7
  4288 | D:5      | Entered Level 5 of the Dungeon
  4399 | D:5      | Reached skill level 5 in Fighting
  4518 | D:5      | Reached skill level 5 in Armour
  4683 | D:5      | Gained mutation: Your magical capacity is low (-10% MP). [potion of mutation]
  4683 | D:5      | Gained mutation: Your flesh is cold resistant. [potion of mutation]
  4683 | D:5      | Gained mutation: You have a pair of small horns on your head. [potion of mutation]
  4934 | D:5      | Reached XP level 8. HP: 40/62 MP: 7/7
  5100 | D:5      | Found a sparkling altar of Nemelex Xobeh.
  5159 | D:5      | Noticed Prince Ribbit
  5165 | D:5      | Killed Prince Ribbit
  5300 | D:5      | Reached skill level 5 in Axes
  5487 | D:6      | Noticed Grinder
  5505 | D:6      | Paralysed by Grinder for 3 turns
  5507 | D:6      | HP: 1/64 [ice beast (4)]
  5507 | D:6      | Slain by an orc

Action                   |  1- 3 |  4- 6 |  7- 9 || total
-------------------------+-------+-------+-------++-------
Melee: War axe           |   107 |   182 |       ||   289
       Hand axe          |       |    27 |   132 ||   159
  Use: Potion            |       |     2 |     1 ||     3
       Scroll            |       |     2 |     3 ||     5
  Eat: Chunk             |     1 |     8 |     6 ||    15
